Bruins vs Oilers

Created - 8 novembre 2019 at 21:01

Goals
1 2 3 T
Bruins 0 4 0 4
Oilers 0 2 1 3
Shots
1 2 3 T
Bruins 6 13 12 31
Oilers 5 14 15 34

1st period

No Goal

Penalties :
No Penalty

2nd period

1. Oilers , Oliver Bjorkstrand 3 (Conor Sheary 5, Tyler Motte 2) at 3:36
2. Bruins , Nolan Patrick 6 (Ondrej Palat 2, Anthony Beauvillier 4) at 5:17
3. Bruins , Conor Garland 2 (Connor Murphy 2, Anthony Mantha 8) at 7:02
4. Oilers , Evgeni Dadonov 13 (Seth Jones 5) at 11:30
5. Bruins , Sean Monahan 8 (Joel Edmundson 3, Anthony Mantha 9) at 17:15 (PP)
6. Bruins , Brady Tkachuk 7 (Sean Monahan 15, Micheal Ferland 7) at 18:43

Penalties :
Cameron Gaunce (EDM) for Holding (Minor) at 9:22, Jordan Eberle (EDM) for Hooking (Minor) at 17:05

3rd period

7. Oilers , Ryan Johansen 4 (Evgeni Dadonov 8) at 2:57 (PP)

Penalties :
Justin Falk (BOS) for Hooking (Minor) at 2:53, Micheal Ferland (BOS) for Hooking (Minor) at 11:49, Connor Murphy (BOS) for Roughing (Minor) at 16:37

Goalie Stats

Juuse Saros (BOS), 31 saves from 34 shots - (0,912), W, 7-2-3, 60:00 minutes
Thatcher Demko (EDM), 13 saves from 13 shots - (1,000), 20:48 minutes
Ryan Miller (EDM), 14 saves from 18 shots - (0,778), L, 2-4-0, 38:43 minutes

Players Stats for Bruins

Player Name              G  A  P  +/- PIM S  H  SB GA TA FO     MP     PP MP  PK MP  
------------------------------------------------------------------------------------
Anthony Beauvillier      0  1  1   1  0   3  0  1  0  2  0/1    13:42   0:00   1:45 
Anthony Mantha           0  2  2  -1  0   3  2  0  2  0  0/0    16:32   1:29   0:00 
Brady Tkachuk            1  0  1   0  0   1  1  0  0  1  0/0    20:59   1:29   0:20 
Cam Fowler               0  0  0   1  0   1  0  0  0  0  0/0    17:52   0:51   0:00 
Connor Murphy            0  1  1   1  2   2  2  1  0  0  0/0    22:05   0:51   0:45 
Conor Garland            1  0  1   0  0   3  0  1  0  0  0/0    15:34   0:40   0:00 
Derick Brassard          0  0  0   0  0   1  2  0  0  0  6/13   17:00   0:40   1:26 
Jason Pominville         0  0  0   0  0   0  1  0  0  0  0/0     8:03   0:00   0:02 
Joel Edmundson           0  1  1   1  0   1  3  2  1  0  0/0    27:48   1:18   2:15 
Justin Falk              0  0  0   1  2   0  1  4  0  1  0/0    22:38   0:00   2:15 
Marcus Kruger            0  0  0   0  0   1  0  0  0  0  0/1     7:42   0:00   0:00 
Micheal Ferland          0  1  1   1  2   0  2  0  1  0  0/2    20:56   0:40   1:10 
Nolan Patrick            1  0  1   1  0   2  0  0  0  0  2/7    13:19   0:00   1:16 
Ondrej Palat             0  1  1   1  0   1  0  2  0  0  0/0    11:57   0:00   0:00 
Ryan Kesler              0  0  0   0  0   2  3  0  0  0  0/0     7:42   0:00   0:00 
Sean Monahan             1  1  2   0  0   9  1  1  5  1  18/33  22:31   1:29   2:05 
Xavier Ouellet           0  0  0  -1  0   1  1  0  1  0  0/0    14:25   0:00   1:52 
Zach Redmond             0  0  0  -1  0   0  0  0  0  1  0/0    15:10   1:18   0:57 

Players Stats for Oilers

Player Name              G  A  P  +/- PIM S  H  SB GA TA FO     MP     PP MP  PK MP  
------------------------------------------------------------------------------------
Ben Street               0  0  0   0  0   0  2  0  0  0  1/1     2:12   0:06   0:00 
Cameron Gaunce           0  0  0   0  2   0  2  0  0  0  0/0    10:20   0:00   0:00 
Carter Camper            0  0  0   0  0   0  0  0  0  0  0/0     1:49   0:03   0:00 
Conor Sheary             0  1  1   1  0   2  1  0  0  2  3/9    16:13   0:00   0:31 
Evgeni Dadonov           1  1  2   0  0   3  1  1  1  1  0/2    24:47   2:06   1:06 
Greg Carey               0  0  0   0  0   1  0  0  0  0  0/0     4:47   0:00   0:00 
Jordan Eberle            0  0  0  -1  2   1  2  0  0  0  0/1    20:37   2:06   0:29 
Justin Abdelkader        0  0  0  -2  0   4  6  1  0  2  0/1    17:01   1:53   0:00 
Marc-Edouard Vlasic      0  0  0  -1  0   2  1  2  1  0  0/0    22:17   2:09   0:47 
Marco Scandella          0  0  0  -1  0   2  0  1  0  1  0/0    22:01   2:09   0:47 
Mike Reilly              0  0  0   1  0   1  0  2  0  0  0/0     9:47   0:00   0:05 
Nico Hischier            0  0  0  -2  0   2  0  0  2  0  5/10   17:46   1:53   0:29 
Oliver Bjorkstrand       1  0  1   1  0   4  2  0  0  0  1/2    15:19   0:00   0:00 
Ryan Johansen            1  0  1   0  0   4  4  2  0  0  21/31  24:54   2:06   1:09 
Seth Jones               0  1  1   1  0   5  1  2  0  2  0/0    27:28   1:53   1:22 
Tyler Motte              0  1  1   1  0   2  1  2  0  0  0/0    15:53   0:00   0:34 
Vince Dunn               0  0  0  -1  0   0  1  2  1  2  0/0    27:37   1:53   1:17 
Zemgus Girgensons        0  0  0  -2  0   1  1  1  1  0  0/0    17:01   1:53   0:00 

3 Stars

1 - Sean Monahan (BOS)
2 - Evgeni Dadonov (EDM)
3 - Ryan Johansen (EDM)

Power Play

Bruins - 1 on 2 Attempt(s) - 50,00%
Oilers - 1 on 3 Attempt(s) - 33,33%

Penalty Kill

Bruins - 2 on 3 Attempt(s) - 66,67% - Score 0 goal in Penalty Kill
Oilers - 1 on 2 Attempt(s) - 50,00% - Score 0 goal in Penalty Kill

Team Stat

Bruins - Hits : 19 - Faceoff Wins : 26 - Blocked Shots : 12 - Penalty Minutes : 6
Oilers - Hits : 25 - Faceoff Wins : 31 - Blocked Shots : 16 - Penalty Minutes : 4

Official

Referees : Frederick L'Ecuyer and Dave Lewis
Linesman : Tony Sericolo and Ryan Galloway

Game Notes

Thatcher Demko enters game at 18:43 of 2nd period

Finance

Level 1 -- Attendance: 4224 (70,40%) -- Ticket Income 443 520 $
Level 2 -- Attendance: 3535 (70,70%) -- Ticket Income 229 775 $
Level 3 -- Attendance: 2000 (100,00%) -- Ticket Income 76 000 $
Level 4 -- Attendance: 3980 (99,50%) -- Ticket Income 91 540 $
Luxury Box -- Attendance: 765 (76,50%) -- Ticket Income 145 350 $
Game was played at the Edmonton Coliseum.
Total Attendance: 14504 (80,58%)
Total Ticket Income: 986 185 $
Other Income: 483 231 $
Total Income: 1 469 416 $

Bruins

5 vs 5 Forward 
   Center                   Left Wing                Right Wing               Time % Phy DF OF 
 1 Sean Monahan             Brady Tkachuk            Micheal Ferland          40     1   2  2  
 2 Derick Brassard          Conor Garland            Anthony Mantha           30     1   2  2  
 3 Nolan Patrick            Ondrej Palat             Anthony Beauvillier      20     1   2  2  
 4 Marcus Kruger            Jason Pominville         Ryan Kesler              10     1   2  2  

5 vs 5 Defense 
   Defense                  Defense                                           Time % Phy DF OF 
 1 Justin Falk              Joel Edmundson                                    40     1   2  2  
 2 Connor Murphy            Cam Fowler                                        30     1   2  2  
 3 Zach Redmond             Xavier Ouellet                                    20     1   2  2  
 4 Connor Murphy            Joel Edmundson                                    10     1   2  2  

PowerPlay Forward 
   Center                   Left Wing                Right Wing               Time % Phy DF OF 
 1 Sean Monahan             Brady Tkachuk            Anthony Mantha           60     1   2  2  
 2 Derick Brassard          Conor Garland            Micheal Ferland          40     1   2  2  

PowerPlay Defense
   Defense                  Defense                                           Time % Phy DF OF 
 1 Zach Redmond             Joel Edmundson                                    60     1   2  2  
 2 Connor Murphy            Cam Fowler                                        40     1   2  2  

Penalty Kill 4 Players Forward 
   Center                   Wing                     Time % Phy DF OF 
 1 Sean Monahan             Micheal Ferland          60     1   2  2  
 2 Derick Brassard          Anthony Beauvillier      40     1   2  2  

Penalty Kill 4 Players Defense
   Defense                  Defense                  Time % Phy DF OF 
 1 Justin Falk              Joel Edmundson           60     1   2  2  
 2 Connor Murphy            Justin Falk              40     1   2  2  

Penalty Kill - 3 Players Forward 
   Forward                                           Time % Phy DF OF 
 1 Sean Monahan                                      60     1   2  2  
 2 Derick Brassard                                   40     1   2  2  

Penalty Kill - 3 Players Defense
   Defense                  Defense                  Time % Phy DF OF 
 1 Zach Redmond             Joel Edmundson           60     1   2  2  
 2 Connor Murphy            Justin Falk              40     1   2  2  

4 vs 4 Forward 
   Center                   Wing                     Time % Phy DF OF 
 1 Sean Monahan             Micheal Ferland          60     1   2  2  
 2 Derick Brassard          Jason Pominville         40     1   2  2  

4 vs 4 Defense
   Defense                  Defense                  Time % Phy DF OF 
 1 Xavier Ouellet           Joel Edmundson           60     1   2  2  
 2 Connor Murphy            Justin Falk              40     1   2  2  

Last Minutes Offensive
   Center                   Left Wing                Right Wing               Defense                  Defense                  
   Sean Monahan             Brady Tkachuk            Micheal Ferland          Justin Falk              Joel Edmundson           

Last Minutes Defensive
   Center                   Left Wing                Right Wing               Defense                  Defense                  
   Sean Monahan             Brady Tkachuk            Micheal Ferland          Justin Falk              Joel Edmundson           

Goaltenders
Starting : Juuse Saros              
Backup : Collin Delia             

Extra Forwards
Normal : Nolan Patrick, Jason Pominville, Anthony Beauvillier - PP : Nolan Patrick, Jason Pominville - PK : Anthony Beauvillier
Extra Defensemen
Normal : Zach Redmond, Xavier Ouellet, Connor Murphy - PP : Zach Redmond - PK : Xavier Ouellet, Connor Murphy
Penalty Shots
Sean Monahan, Brady Tkachuk, Derick Brassard, Nolan Patrick, Micheal Ferland
Custom OT Lines Forwards
Sean Monahan, Brady Tkachuk, Derick Brassard, Ryan Kesler, Micheal Ferland, Anthony Mantha, Nolan Patrick, Jason Pominville, Anthony Beauvillier, Marcus Kruger
Custom OT Lines Defensemen
Justin Falk, Joel Edmundson, Connor Murphy, Cam Fowler, Zach Redmond

Scratches
Jakob Chychrun (Healthy), Pat Maroon (Healthy), Ryan Bourque (Healthy), Cam Talbot (Healthy)

Oilers

5 vs 5 Forward 
   Center                   Left Wing                Right Wing               Time % Phy DF OF 
 1 Ryan Johansen            Evgeni Dadonov           Jordan Eberle            40     1   2  2  
 2 Nico Hischier            Justin Abdelkader        Zemgus Girgensons        30     1   2  2  
 3 Conor Sheary             Tyler Motte              Oliver Bjorkstrand       20     1   2  2  
 4 Greg Carey               Ryan Johansen            Evgeni Dadonov           10     1   2  2  

5 vs 5 Defense 
   Defense                  Defense                                           Time % Phy DF OF 
 1 Seth Jones               Vince Dunn                                        40     1   2  2  
 2 Marc-Edouard Vlasic      Marco Scandella                                   30     1   2  2  
 3 Vince Dunn               Cameron Gaunce                                    20     1   2  2  
 4 Mike Reilly              Seth Jones                                        10     1   2  2  

PowerPlay Forward 
   Center                   Left Wing                Right Wing               Time % Phy DF OF 
 1 Ryan Johansen            Evgeni Dadonov           Jordan Eberle            60     1   2  2  
 2 Nico Hischier            Justin Abdelkader        Zemgus Girgensons        40     1   2  2  

PowerPlay Defense
   Defense                  Defense                                           Time % Phy DF OF 
 1 Seth Jones               Vince Dunn                                        60     1   2  2  
 2 Marc-Edouard Vlasic      Marco Scandella                                   40     1   2  2  

Penalty Kill 4 Players Forward 
   Center                   Wing                     Time % Phy DF OF 
 1 Ryan Johansen            Evgeni Dadonov           60     1   2  2  
 2 Nico Hischier            Jordan Eberle            40     1   2  2  

Penalty Kill 4 Players Defense
   Defense                  Defense                  Time % Phy DF OF 
 1 Seth Jones               Vince Dunn               60     1   2  2  
 2 Marc-Edouard Vlasic      Marco Scandella          40     1   2  2  

Penalty Kill - 3 Players Forward 
   Forward                                           Time % Phy DF OF 
 1 Ryan Johansen                                     60     1   2  2  
 2 Evgeni Dadonov                                    40     1   2  2  

Penalty Kill - 3 Players Defense
   Defense                  Defense                  Time % Phy DF OF 
 1 Seth Jones               Cameron Gaunce           60     1   2  2  
 2 Marc-Edouard Vlasic      Marco Scandella          40     1   2  2  

4 vs 4 Forward 
   Center                   Wing                     Time % Phy DF OF 
 1 Ryan Johansen            Evgeni Dadonov           60     1   2  2  
 2 Nico Hischier            Jordan Eberle            40     1   2  2  

4 vs 4 Defense
   Defense                  Defense                  Time % Phy DF OF 
 1 Seth Jones               Mike Reilly              60     1   2  2  
 2 Marc-Edouard Vlasic      Marco Scandella          40     1   2  2  

Last Minutes Offensive
   Center                   Left Wing                Right Wing               Defense                  Defense                  
   Ryan Johansen            Evgeni Dadonov           Jordan Eberle            Seth Jones               Marc-Edouard Vlasic      

Last Minutes Defensive
   Center                   Left Wing                Right Wing               Defense                  Defense                  
   Ryan Johansen            Evgeni Dadonov           Jordan Eberle            Seth Jones               Marc-Edouard Vlasic      

Goaltenders
Starting : Ryan Miller              
Backup : Thatcher Demko           

Extra Forwards
Normal : Ben Street, Carter Camper, Conor Sheary - PP : Ben Street, Carter Camper - PK : Conor Sheary
Extra Defensemen
Normal : Vince Dunn, Cameron Gaunce, Mike Reilly - PP : Vince Dunn - PK : Cameron Gaunce, Mike Reilly
Penalty Shots
Ryan Johansen, Evgeni Dadonov, Nico Hischier, Jordan Eberle, Justin Abdelkader
Custom OT Lines Forwards
Ryan Johansen, Evgeni Dadonov, Nico Hischier, Jordan Eberle, Justin Abdelkader, Zemgus Girgensons, Conor Sheary, Oliver Bjorkstrand, Greg Carey, Tyler Motte
Custom OT Lines Defensemen
Seth Jones, Mike Reilly, Marc-Edouard Vlasic, Marco Scandella, Vince Dunn

Scratches
Aaron Ekblad (Healthy), Connor McDavid (Healthy), Thomas Greiss (Healthy)

% Time on Ice - Bruins

Lines # - Real PCT - Wanted PCT - Time Play
Normal Forward
1 - 35% - 40% - 18:18
2 - 28% - 30% - 14:54
3 - 23% - 20% - 11:57
4 - 15% - 10% - 7:42
Normal Defense
1 - 38% - 40% - 20:17
2 - 33% - 30% - 17:16
3 - 23% - 20% - 12:11
4 - 6% - 10% - 3:07
PP Forward
1 - 69% - 60% - 1:29
2 - 31% - 40% - 0:40
PP Defense
1 - 60% - 60% - 1:18
2 - 40% - 40% - 0:51
PK Forward
1 - 87% - 60% - 3:31
2 - 13% - 40% - 0:31
PK Defense
1 - 45% - 60% - 1:50
2 - 55% - 40% - 2:12
PK3 Forward
1 - 0% - 60%
2 - 0% - 40%
PK3 Defense
1 - 0% - 60%
2 - 0% - 40%
44 Forward
1 - 0% - 60%
2 - 0% - 40%
44 Defense
1 - 0% - 60%
2 - 0% - 40%
Last Minute Offensive  - 0:00
Last Minute Defensive  - 0:58
Total
Forward - 60:00
Defense - 60:00

% Time on Ice - Oilers

Lines # - Real PCT - Wanted PCT - Time Play
Normal Forward
1 - 33% - 40% - 17:15
2 - 29% - 30% - 15:31
3 - 29% - 20% - 15:19
4 - 9% - 10% - 4:47
Normal Defense
1 - 33% - 40% - 17:36
2 - 35% - 30% - 18:24
3 - 16% - 20% - 8:37
4 - 16% - 10% - 8:15
PP Forward
1 - 53% - 60% - 2:09
2 - 47% - 40% - 1:53
PP Defense
1 - 47% - 60% - 1:53
2 - 53% - 40% - 2:09
PK Forward
1 - 78% - 60% - 1:40
2 - 22% - 40% - 0:29
PK Defense
1 - 64% - 60% - 1:22
2 - 36% - 40% - 0:47
PK3 Forward
1 - 0% - 60%
2 - 0% - 40%
PK3 Defense
1 - 0% - 60%
2 - 0% - 40%
44 Forward
1 - 0% - 60%
2 - 0% - 40%
44 Defense
1 - 0% - 60%
2 - 0% - 40%
Last Minute Offensive  - 0:57
Last Minute Defensive  - 0:00
Total
Forward - 60:00
Defense - 60:00

Play-by-Play

1st period


0:01 of 1st period - Ryan Johansen wins face-off versus Sean Monahan in neutral zone.
0:35 of 1st period - Slapshot by Anthony Mantha.
0:35 of 1st period - Shot Misses the Net.
0:46 of 1st period - Off-side.
0:47 of 1st period - Nolan Patrick wins face-off versus Conor Sheary in neutral zone.
0:56 of 1st period - Slapshot by Anthony Beauvillier.
0:56 of 1st period - Shot Blocked by Tyler Motte.
1:38 of 1st period - Wrist shot by Ryan Kesler.
1:38 of 1st period - Deflect By Jason Pominville.
1:38 of 1st period - Shot Misses the Net.
1:38 of 1st period - Puck is out of play.
1:39 of 1st period - Derick Brassard wins face-off versus Jordan Eberle in Oilers zone.
1:48 of 1st period - Snap shot by Derick Brassard.
1:48 of 1st period - Deflect By Conor Garland.
1:48 of 1st period - Shot Blocked by Mike Reilly.
1:48 of 1st period - Puck is out of play.
1:49 of 1st period - Ryan Johansen wins face-off versus Derick Brassard in Oilers zone.
2:05 of 1st period - Slapshot by Evgeni Dadonov.
2:05 of 1st period - Stopped by Juuse Saros with a rebound.
2:07 of 1st period - Wrist shot by Seth Jones.
2:07 of 1st period - Shot Blocked by Justin Falk.
2:09 of 1st period - Slapshot by Ryan Johansen.
2:09 of 1st period - Shot Blocked by Justin Falk.
2:37 of 1st period - Snap shot by Jordan Eberle.
2:37 of 1st period - Shot Blocked by Justin Falk.
2:39 of 1st period - Slapshot by Seth Jones.
2:39 of 1st period - Stopped by Juuse Saros without a rebound.
2:40 of 1st period - Nico Hischier wins face-off versus Sean Monahan in Bruins zone.
3:07 of 1st period - Snap shot by Oliver Bjorkstrand.
3:07 of 1st period - Deflect By Conor Sheary.
3:07 of 1st period - Shot Misses the Net.
3:07 of 1st period - Puck is out of play.
3:08 of 1st period - Nolan Patrick wins face-off versus Conor Sheary in Bruins zone.
3:58 of 1st period - Snap shot by Ryan Johansen.
3:58 of 1st period - Stopped by Juuse Saros with a rebound.
4:28 of 1st period - Connor Murphy is hit by Oliver Bjorkstrand and loses puck.
5:18 of 1st period - Tyler Motte is hit by Connor Murphy and loses puck.
5:34 of 1st period - Icing by Marc-Edouard Vlasic.
5:35 of 1st period - Sean Monahan wins face-off versus Oliver Bjorkstrand in Oilers zone.
5:38 of 1st period - Snap shot by Sean Monahan.
5:38 of 1st period - Shot Misses the Net.
6:04 of 1st period - Off-side.
6:05 of 1st period - Sean Monahan wins face-off versus Ryan Johansen in neutral zone.
6:16 of 1st period - Evgeni Dadonov is hit by Micheal Ferland and loses puck.
7:44 of 1st period - Marcus Kruger is hit by Ben Street.
7:48 of 1st period - Marcus Kruger is hit by Seth Jones and loses puck.
7:55 of 1st period - Seth Jones is hit by Ryan Kesler and loses puck.
8:34 of 1st period - Wrist shot by Ondrej Palat.
8:34 of 1st period - Shot Misses the Net.
8:40 of 1st period - Snap shot by Anthony Beauvillier.
8:40 of 1st period - Stopped by Ryan Miller with a rebound.
9:00 of 1st period - Cameron Gaunce is hit by Justin Falk and loses puck.
9:34 of 1st period - Marcus Kruger is hit by Ben Street and loses puck.
10:15 of 1st period - Jordan Eberle is hit by Joel Edmundson and loses puck.
10:24 of 1st period - Snap shot by Conor Garland.
10:24 of 1st period - Stopped by Ryan Miller without a rebound.
10:25 of 1st period - Sean Monahan wins face-off versus Nico Hischier in Oilers zone.
10:38 of 1st period - Xavier Ouellet is hit by Justin Abdelkader and loses puck.
10:59 of 1st period - Snap shot by Anthony Mantha.
10:59 of 1st period - Shot Misses the Net.
11:41 of 1st period - Snap shot by Oliver Bjorkstrand.
11:41 of 1st period - Shot Blocked by Connor Murphy.
12:17 of 1st period - Snap shot by Oliver Bjorkstrand.
12:17 of 1st period - Shot Misses the Net.
12:23 of 1st period - Wrist shot by Anthony Mantha.
12:23 of 1st period - Stopped by Ryan Miller without a rebound.
12:24 of 1st period - Ryan Johansen wins face-off versus Derick Brassard in Oilers zone.
13:26 of 1st period - Jason Pominville is hit by Jordan Eberle and loses puck.
13:52 of 1st period - Wrist shot by Conor Garland.
13:52 of 1st period - Shot Misses the Net.
14:20 of 1st period - Icing by Micheal Ferland.
14:21 of 1st period - Nico Hischier wins face-off versus Sean Monahan in Bruins zone.
14:24 of 1st period - Snap shot by Justin Abdelkader.
14:24 of 1st period - Deflect By Jordan Eberle.
14:24 of 1st period - Shot Misses the Net.
14:24 of 1st period - Puck is out of play.
14:25 of 1st period - Sean Monahan wins face-off versus Ryan Johansen in Bruins zone.
14:54 of 1st period - Slapshot by Nico Hischier.
14:54 of 1st period - Shot Blocked by Conor Garland.
14:56 of 1st period - Slapshot by Seth Jones.
14:56 of 1st period - Shot Misses the Net.
14:58 of 1st period - Snap shot by Justin Abdelkader.
14:58 of 1st period - Stopped by Juuse Saros with a rebound.
15:46 of 1st period - Marc-Edouard Vlasic is hit by Brady Tkachuk and loses puck.
16:25 of 1st period - Wrist shot by Oliver Bjorkstrand.
16:25 of 1st period - Stopped by Juuse Saros without a rebound.
16:26 of 1st period - Oliver Bjorkstrand wins face-off versus Nolan Patrick in Bruins zone.
16:41 of 1st period - Slapshot by Ondrej Palat.
16:41 of 1st period - Shot Misses the Net.
16:55 of 1st period - Snap shot by Conor Garland.
16:55 of 1st period - Shot Misses the Net.
17:40 of 1st period - Backhand shot by Jordan Eberle.
17:40 of 1st period - Shot Misses the Net.
18:08 of 1st period - Slapshot by Anthony Beauvillier.
18:08 of 1st period - Shot Blocked by Justin Abdelkader.
18:22 of 1st period - Ryan Johansen is hit by Derick Brassard and loses puck.
19:09 of 1st period - Snap shot by Anthony Beauvillier.
19:09 of 1st period - Stopped by Ryan Miller with a rebound.
19:49 of 1st period - Wrist shot by Sean Monahan.
19:49 of 1st period - Shot Misses the Net.
19:51 of 1st period - Wrist shot by Brady Tkachuk.
19:51 of 1st period - Shot Misses the Net.
19:53 of 1st period - Snap shot by Joel Edmundson.
19:53 of 1st period - Stopped by Ryan Miller with a rebound.
19:55 of 1st period - Wrist shot by Micheal Ferland.
19:55 of 1st period - Shot Blocked by Marc-Edouard Vlasic.
19:57 of 1st period - Snap shot by Sean Monahan.
19:57 of 1st period - Stopped by Ryan Miller with a rebound.
Goals for this period are 0 for Bruins vs 0 for Oilers.
Shots for this period are 6 for Bruins vs 5 for Oilers.

2nd period


0:01 of 2nd period - Ryan Johansen wins face-off versus Sean Monahan in neutral zone.
0:06 of 2nd period - Slapshot by Jordan Eberle.
0:06 of 2nd period - Stopped by Juuse Saros with a rebound.
0:14 of 2nd period - Snap shot by Micheal Ferland.
0:14 of 2nd period - Shot Blocked by Evgeni Dadonov.
0:16 of 2nd period - Snap shot by Micheal Ferland.
0:16 of 2nd period - Shot Misses the Net.
0:31 of 2nd period - Slapshot by Conor Garland.
0:31 of 2nd period - Shot Blocked by Seth Jones.
0:33 of 2nd period - Slapshot by Xavier Ouellet.
0:33 of 2nd period - Stopped by Ryan Miller with a rebound.
0:35 of 2nd period - Wrist shot by Anthony Mantha.
0:35 of 2nd period - Shot Blocked by Zemgus Girgensons.
1:25 of 2nd period - Jason Pominville is hit by Justin Abdelkader and loses puck.
1:44 of 2nd period - Icing by Zemgus Girgensons.
1:45 of 2nd period - Derick Brassard wins face-off versus Conor Sheary in Oilers zone.
1:50 of 2nd period - Snap shot by Anthony Mantha.
1:50 of 2nd period - Stopped by Ryan Miller without a rebound.
1:51 of 2nd period - Derick Brassard wins face-off versus Conor Sheary in Oilers zone.
1:56 of 2nd period - Snap shot by Conor Garland.
1:56 of 2nd period - Stopped by Ryan Miller with a rebound.
2:06 of 2nd period - Snap shot by Conor Sheary.
2:06 of 2nd period - Stopped by Juuse Saros with a rebound.
2:16 of 2nd period - Wrist shot by Anthony Mantha.
2:16 of 2nd period - Shot Misses the Net.
2:21 of 2nd period - Off-side.
2:22 of 2nd period - Sean Monahan wins face-off versus Ryan Johansen in neutral zone.
3:10 of 2nd period - Justin Falk is hit by Zemgus Girgensons and loses puck.
3:19 of 2nd period - Snap shot by Anthony Beauvillier.
3:19 of 2nd period - Shot Misses the Net.
3:31 of 2nd period - Zach Redmond is hit by Marc-Edouard Vlasic and loses puck.
3:36 of 2nd period - Snap shot by Conor Sheary.
3:36 of 2nd period - Deflect By Oliver Bjorkstrand.
3:36 of 2nd period - Goal by Oliver Bjorkstrand - Bruins : 0 - Oilers : 1.
3:37 of 2nd period - Sean Monahan wins face-off versus Ryan Johansen in neutral zone.
4:11 of 2nd period - Wrist shot by Justin Abdelkader.
4:11 of 2nd period - Shot Misses the Net.
4:13 of 2nd period - Slapshot by Marc-Edouard Vlasic.
4:13 of 2nd period - Stopped by Juuse Saros without a rebound.
4:14 of 2nd period - Nico Hischier wins face-off versus Sean Monahan in Bruins zone.
4:17 of 2nd period - Wrist shot by Justin Abdelkader.
4:17 of 2nd period - Stopped by Juuse Saros with a rebound.
4:27 of 2nd period - Slapshot by Nico Hischier.
4:27 of 2nd period - Deflect By Zemgus Girgensons.
4:27 of 2nd period - Stopped by Juuse Saros with a rebound.
4:29 of 2nd period - Snap shot by Justin Abdelkader.
4:29 of 2nd period - Stopped by Juuse Saros without a rebound.
4:30 of 2nd period - Ryan Johansen wins face-off versus Derick Brassard in Bruins zone.
5:07 of 2nd period - Wrist shot by Sean Monahan.
5:07 of 2nd period - Stopped by Ryan Miller without a rebound.
5:08 of 2nd period - Ryan Johansen wins face-off versus Nolan Patrick in Oilers zone.
5:15 of 2nd period - Slapshot by Ondrej Palat.
5:15 of 2nd period - Stopped by Ryan Miller with a rebound.
5:17 of 2nd period - Snap shot by Nolan Patrick.
5:17 of 2nd period - Goal by Nolan Patrick - Bruins : 1 - Oilers : 1.
5:18 of 2nd period - Sean Monahan wins face-off versus Ryan Johansen in neutral zone.
6:20 of 2nd period - Wrist shot by Evgeni Dadonov.
6:20 of 2nd period - Shot Misses the Net.
6:22 of 2nd period - Wrist shot by Evgeni Dadonov.
6:22 of 2nd period - Shot Misses the Net.
6:24 of 2nd period - Slapshot by Greg Carey.
6:24 of 2nd period - Stopped by Juuse Saros with a rebound.
6:44 of 2nd period - Snap shot by Jason Pominville.
6:44 of 2nd period - Shot Misses the Net.
7:00 of 2nd period - Slapshot by Anthony Mantha.
7:00 of 2nd period - Shot Misses the Net.
7:02 of 2nd period - Slapshot by Connor Murphy.
7:02 of 2nd period - Deflect By Conor Garland.
7:02 of 2nd period - Goal by Conor Garland - Bruins : 2 - Oilers : 1.
7:03 of 2nd period - Sean Monahan wins face-off versus Ryan Johansen in neutral zone.
7:29 of 2nd period - Conor Garland is hit by Justin Abdelkader and loses puck.
7:50 of 2nd period - Snap shot by Joel Edmundson.
7:50 of 2nd period - Deflect By Anthony Beauvillier.
7:50 of 2nd period - Stopped by Ryan Miller with a rebound.
7:53 of 2nd period - Icing by Marc-Edouard Vlasic.
7:54 of 2nd period - Conor Sheary wins face-off versus Anthony Beauvillier in Oilers zone.
8:05 of 2nd period - Backhand shot by Oliver Bjorkstrand.
8:05 of 2nd period - Shot Misses the Net.
8:07 of 2nd period - Slapshot by Oliver Bjorkstrand.
8:07 of 2nd period - Stopped by Juuse Saros with a rebound.
8:09 of 2nd period - Snap shot by Tyler Motte.
8:09 of 2nd period - Shot Blocked by Anthony Beauvillier.
8:11 of 2nd period - Slapshot by Marco Scandella.
8:11 of 2nd period - Shot Misses the Net.
8:25 of 2nd period - Slapshot by Conor Sheary.
8:25 of 2nd period - Stopped by Juuse Saros without a rebound.
8:26 of 2nd period - Ryan Johansen wins face-off versus Sean Monahan in Bruins zone.
8:37 of 2nd period - Evgeni Dadonov is hit by Sean Monahan and loses puck.
8:54 of 2nd period - Slapshot by Seth Jones.
8:54 of 2nd period - Stopped by Juuse Saros without a rebound.
8:55 of 2nd period - Derick Brassard wins face-off versus Nico Hischier in Bruins zone.
8:55 of 2nd period - Derick Brassard is hit by Cameron Gaunce.
9:00 of 2nd period - Off-side.
9:01 of 2nd period - Ryan Johansen wins face-off versus Sean Monahan in neutral zone.
9:04 of 2nd period - Slapshot by Vince Dunn.
9:04 of 2nd period - Shot Misses the Net.
9:12 of 2nd period - Slapshot by Sean Monahan.
9:12 of 2nd period - Shot Blocked by Vince Dunn.
9:14 of 2nd period - Slapshot by Brady Tkachuk.
9:14 of 2nd period - Shot Misses the Net.
9:22 of 2nd period - Minor Penalty to Cameron Gaunce for Holding.
9:23 of 2nd period - Ryan Johansen wins face-off versus Sean Monahan in Oilers zone.
9:32 of 2nd period - Slapshot by Joel Edmundson.
9:32 of 2nd period - Shot Misses the Net.
9:34 of 2nd period - Snap shot by Zach Redmond.
9:34 of 2nd period - Deflect By Sean Monahan.
9:34 of 2nd period - Stopped by Ryan Miller with a rebound.
9:36 of 2nd period - Slapshot by Zach Redmond.
9:36 of 2nd period - Shot Misses the Net.
9:38 of 2nd period - Snap shot by Brady Tkachuk.
9:38 of 2nd period - Shot Blocked by Ryan Johansen.
10:36 of 2nd period - Connor Murphy is hit by Ryan Johansen and loses puck.
10:59 of 2nd period - Brady Tkachuk is hit by Tyler Motte and loses puck.
11:22 of 2nd period - Penalty to Cameron Gaunce is over, Cameron Gaunce is back on ice.
11:30 of 2nd period - Snap shot by Evgeni Dadonov.
11:30 of 2nd period - Goal by Evgeni Dadonov - Bruins : 2 - Oilers : 2.
11:31 of 2nd period - Nico Hischier wins face-off versus Nolan Patrick in neutral zone.
11:53 of 2nd period - Icing by Nolan Patrick.
11:54 of 2nd period - Ryan Johansen wins face-off versus Nolan Patrick in Bruins zone.
12:21 of 2nd period - Snap shot by Conor Sheary.
12:21 of 2nd period - Shot Blocked by Ondrej Palat.
12:23 of 2nd period - Wrist shot by Tyler Motte.
12:23 of 2nd period - Stopped by Juuse Saros with a rebound.
12:25 of 2nd period - Slapshot by Conor Sheary.
12:25 of 2nd period - Shot Blocked by Joel Edmundson.
12:27 of 2nd period - Wrist shot by Tyler Motte.
12:27 of 2nd period - Shot Misses the Net.
12:29 of 2nd period - Wrist shot by Conor Sheary.
12:29 of 2nd period - Shot Misses the Net.
12:31 of 2nd period - Snap shot by Marco Scandella.
12:31 of 2nd period - Stopped by Juuse Saros with a rebound.
14:15 of 2nd period - Marco Scandella is hit by Ryan Kesler and loses puck.
14:53 of 2nd period - Wrist shot by Derick Brassard.
14:53 of 2nd period - Shot Misses the Net.
15:05 of 2nd period - Ryan Kesler is hit by Cameron Gaunce and loses puck.
15:37 of 2nd period - Seth Jones is hit by Anthony Mantha.
16:20 of 2nd period - Marc-Edouard Vlasic is hit by Joel Edmundson and loses puck.
16:33 of 2nd period - Conor Sheary is hit by Micheal Ferland and loses puck.
16:50 of 2nd period - Jordan Eberle is hit by Anthony Mantha and loses puck.
17:05 of 2nd period - Minor Penalty to Jordan Eberle for Hooking.
17:06 of 2nd period - Ryan Johansen wins face-off versus Sean Monahan in Oilers zone.
17:11 of 2nd period - Wrist shot by Sean Monahan.
17:11 of 2nd period - Shot Blocked by Ryan Johansen.
17:13 of 2nd period - Snap shot by Joel Edmundson.
17:13 of 2nd period - Shot Blocked by Vince Dunn.
17:15 of 2nd period - Backhand shot by Sean Monahan.
17:15 of 2nd period - Goal by Sean Monahan - Bruins : 3 - Oilers : 2.
17:16 of 2nd period - Sean Monahan wins face-off versus Nico Hischier in neutral zone.
18:41 of 2nd period - Snap shot by Sean Monahan.
18:41 of 2nd period - Stopped by Ryan Miller with a rebound.
18:43 of 2nd period - Wrist shot by Brady Tkachuk.
18:43 of 2nd period - Goal by Brady Tkachuk - Bruins : 4 - Oilers : 2.
18:43 of 2nd period - Thatcher Demko enters game.
18:44 of 2nd period - Sean Monahan wins face-off versus Ryan Johansen in neutral zone.
19:00 of 2nd period - Slapshot by Sean Monahan.
19:00 of 2nd period - Stopped by Thatcher Demko with a rebound.
Goals for this period are 4 for Bruins vs 2 for Oilers.
Shots for this period are 13 for Bruins vs 14 for Oilers.

3rd period


0:01 of 3rd period - Ryan Johansen wins face-off versus Sean Monahan in neutral zone.
0:01 of 3rd period - Ryan Johansen is hit by Joel Edmundson.
0:09 of 3rd period - Wrist shot by Micheal Ferland.
0:09 of 3rd period - Deflect By Brady Tkachuk.
0:09 of 3rd period - Shot Misses the Net.
0:09 of 3rd period - Puck is out of play.
0:10 of 3rd period - Sean Monahan wins face-off versus Ryan Johansen in Oilers zone.
0:32 of 3rd period - Slapshot by Sean Monahan.
0:32 of 3rd period - Stopped by Thatcher Demko without a rebound.
0:33 of 3rd period - Derick Brassard wins face-off versus Nico Hischier in Oilers zone.
0:34 of 3rd period - Wrist shot by Anthony Mantha.
0:34 of 3rd period - Stopped by Thatcher Demko with a rebound.
0:58 of 3rd period - Joel Edmundson is hit by Ryan Johansen.
1:23 of 3rd period - Anthony Beauvillier is hit by Oliver Bjorkstrand and loses puck.
1:46 of 3rd period - Snap shot by Nico Hischier.
1:46 of 3rd period - Stopped by Juuse Saros with a rebound.
2:20 of 3rd period - Wrist shot by Derick Brassard.
2:20 of 3rd period - Stopped by Thatcher Demko with a rebound.
2:22 of 3rd period - Slapshot by Connor Murphy.
2:22 of 3rd period - Deflect By Vince Dunn.
2:22 of 3rd period - Stopped by Thatcher Demko with a rebound.
2:24 of 3rd period - Wrist shot by Sean Monahan.
2:24 of 3rd period - Stopped by Thatcher Demko without a rebound.
2:25 of 3rd period - Sean Monahan wins face-off versus Justin Abdelkader in Oilers zone.
2:53 of 3rd period - Minor Penalty to Justin Falk for Hooking.
2:54 of 3rd period - Ryan Johansen wins face-off versus Sean Monahan in Bruins zone.
2:57 of 3rd period - Wrist shot by Ryan Johansen.
2:57 of 3rd period - Goal by Ryan Johansen - Bruins : 4 - Oilers : 3.
2:58 of 3rd period - Sean Monahan wins face-off versus Ryan Johansen in neutral zone.
3:03 of 3rd period - Seth Jones is hit by Connor Murphy and loses puck.
3:12 of 3rd period - Snap shot by Sean Monahan.
3:12 of 3rd period - Stopped by Thatcher Demko with a rebound.
3:24 of 3rd period - Conor Garland is hit by Justin Abdelkader and loses puck.
3:51 of 3rd period - Wrist shot by Ryan Kesler.
3:51 of 3rd period - Shot Blocked by Marc-Edouard Vlasic.
4:01 of 3rd period - Ondrej Palat is hit by Conor Sheary and loses puck.
4:29 of 3rd period - Brady Tkachuk is hit by Justin Abdelkader and loses puck.
5:00 of 3rd period - Icing by Oliver Bjorkstrand.
5:01 of 3rd period - Conor Sheary wins face-off versus Derick Brassard in Oilers zone.
5:06 of 3rd period - Backhand shot by Seth Jones.
5:06 of 3rd period - Stopped by Juuse Saros with a rebound.
5:08 of 3rd period - Slapshot by Seth Jones.
5:08 of 3rd period - Deflect By Conor Garland.
5:08 of 3rd period - Stopped by Juuse Saros without a rebound.
5:09 of 3rd period - Derick Brassard wins face-off versus Ryan Johansen in Bruins zone.
5:09 of 3rd period - Derick Brassard is hit by Evgeni Dadonov.
5:41 of 3rd period - Off-side.
5:42 of 3rd period - Sean Monahan wins face-off versus Conor Sheary in neutral zone.
5:45 of 3rd period - Wrist shot by Sean Monahan.
5:45 of 3rd period - Shot Blocked by Marco Scandella.
5:47 of 3rd period - Wrist shot by Brady Tkachuk.
5:47 of 3rd period - Shot Misses the Net.
6:14 of 3rd period - Wrist shot by Marcus Kruger.
6:14 of 3rd period - Stopped by Thatcher Demko without a rebound.
6:15 of 3rd period - Ryan Johansen wins face-off versus Micheal Ferland in Oilers zone.
7:58 of 3rd period - Snap shot by Micheal Ferland.
7:58 of 3rd period - Shot Blocked by Mike Reilly.
8:06 of 3rd period - Backhand shot by Brady Tkachuk.
8:06 of 3rd period - Shot Blocked by Seth Jones.
8:08 of 3rd period - Wrist shot by Brady Tkachuk.
8:08 of 3rd period - Shot Misses the Net.
8:10 of 3rd period - Slapshot by Connor Murphy.
8:10 of 3rd period - Deflect By Ryan Johansen.
8:10 of 3rd period - Stopped by Thatcher Demko without a rebound.
8:11 of 3rd period - Nico Hischier wins face-off versus Derick Brassard in Oilers zone.
8:11 of 3rd period - Nico Hischier is hit by Derick Brassard.
8:43 of 3rd period - Slapshot by Conor Sheary.
8:43 of 3rd period - Shot Misses the Net.
8:45 of 3rd period - Backhand shot by Marc-Edouard Vlasic.
8:45 of 3rd period - Stopped by Juuse Saros with a rebound.
8:49 of 3rd period - Wrist shot by Conor Sheary.
8:49 of 3rd period - Shot Misses the Net.
8:59 of 3rd period - Evgeni Dadonov is hit by Ryan Kesler and loses puck.
9:04 of 3rd period - Wrist shot by Ryan Kesler.
9:04 of 3rd period - Stopped by Thatcher Demko with a rebound.
9:48 of 3rd period - Snap shot by Nolan Patrick.
9:48 of 3rd period - Shot Misses the Net.
9:50 of 3rd period - Slapshot by Ondrej Palat.
9:50 of 3rd period - Shot Misses the Net.
9:52 of 3rd period - Slapshot by Nolan Patrick.
9:52 of 3rd period - Stopped by Thatcher Demko without a rebound.
9:53 of 3rd period - Ryan Johansen wins face-off versus Nolan Patrick in Oilers zone.
9:58 of 3rd period - Snap shot by Jordan Eberle.
9:58 of 3rd period - Shot Misses the Net.
10:00 of 3rd period - Backhand shot by Vince Dunn.
10:00 of 3rd period - Shot Blocked by Ondrej Palat.
10:02 of 3rd period - Slapshot by Cameron Gaunce.
10:02 of 3rd period - Deflect By Ryan Johansen.
10:02 of 3rd period - Shot Misses the Net.
10:02 of 3rd period - Puck is out of play.
10:03 of 3rd period - Ryan Johansen wins face-off versus Micheal Ferland in Bruins zone.
10:19 of 3rd period - Icing by Micheal Ferland.
10:20 of 3rd period - Sean Monahan wins face-off versus Nico Hischier in Bruins zone.
10:31 of 3rd period - Slapshot by Seth Jones.
10:31 of 3rd period - Deflect By Justin Abdelkader.
10:31 of 3rd period - Stopped by Juuse Saros without a rebound.
10:32 of 3rd period - Ryan Johansen wins face-off versus Derick Brassard in Bruins zone.
10:39 of 3rd period - Derick Brassard is hit by Ryan Johansen and loses puck.
11:26 of 3rd period - Wrist shot by Conor Sheary.
11:26 of 3rd period - Shot Misses the Net.
11:28 of 3rd period - Snap shot by Tyler Motte.
11:28 of 3rd period - Stopped by Juuse Saros without a rebound.
11:29 of 3rd period - Sean Monahan wins face-off versus Evgeni Dadonov in Bruins zone.
11:49 of 3rd period - Minor Penalty to Micheal Ferland for Hooking.
11:50 of 3rd period - Ryan Johansen wins face-off versus Sean Monahan in Bruins zone.
12:24 of 3rd period - Slapshot by Nico Hischier.
12:24 of 3rd period - Stopped by Juuse Saros with a rebound.
13:18 of 3rd period - Evgeni Dadonov is hit by Xavier Ouellet and loses puck.
13:49 of 3rd period - Penalty to Micheal Ferland is over, Micheal Ferland is back on ice.
14:10 of 3rd period - Icing by Seth Jones.
14:11 of 3rd period - Conor Sheary wins face-off versus Marcus Kruger in Oilers zone.
14:20 of 3rd period - Wrist shot by Jason Pominville.
14:20 of 3rd period - Shot Blocked by Tyler Motte.
14:22 of 3rd period - Snap shot by Ryan Kesler.
14:22 of 3rd period - Stopped by Thatcher Demko without a rebound.
14:23 of 3rd period - Sean Monahan wins face-off versus Conor Sheary in Oilers zone.
14:24 of 3rd period - Snap shot by Brady Tkachuk.
14:24 of 3rd period - Shot Misses the Net.
14:36 of 3rd period - Snap shot by Oliver Bjorkstrand.
14:36 of 3rd period - Stopped by Juuse Saros without a rebound.
14:37 of 3rd period - Ryan Johansen wins face-off versus Sean Monahan in Bruins zone.
14:42 of 3rd period - Snap shot by Ryan Johansen.
14:42 of 3rd period - Stopped by Juuse Saros with a rebound.
14:44 of 3rd period - Slapshot by Seth Jones.
14:44 of 3rd period - Stopped by Juuse Saros with a rebound.
14:46 of 3rd period - Slapshot by Ryan Johansen.
14:46 of 3rd period - Shot Blocked by Justin Falk.
14:48 of 3rd period - Wrist shot by Jordan Eberle.
14:48 of 3rd period - Shot Misses the Net.
14:50 of 3rd period - Snap shot by Ryan Johansen.
14:50 of 3rd period - Shot Misses the Net.
15:04 of 3rd period - Derick Brassard is hit by Justin Abdelkader and loses puck.
15:25 of 3rd period - Wrist shot by Oliver Bjorkstrand.
15:25 of 3rd period - Shot Misses the Net.
15:27 of 3rd period - Slapshot by Marco Scandella.
15:27 of 3rd period - Shot Misses the Net.
15:29 of 3rd period - Wrist shot by Tyler Motte.
15:29 of 3rd period - Shot Misses the Net.
15:31 of 3rd period - Wrist shot by Mike Reilly.
15:31 of 3rd period - Stopped by Juuse Saros with a rebound.
15:43 of 3rd period - Seth Jones is hit by Jason Pominville and loses puck.
16:37 of 3rd period - Minor Penalty to Connor Murphy for Roughing.
16:38 of 3rd period - Sean Monahan wins face-off versus Evgeni Dadonov in Bruins zone.
18:37 of 3rd period - Penalty to Connor Murphy is over, Connor Murphy is back on ice.
18:42 of 3rd period - Slapshot by Cam Fowler.
18:42 of 3rd period - Stopped by Thatcher Demko without a rebound.
18:43 of 3rd period - Ben Street wins face-off versus Derick Brassard in Oilers zone.
18:50 of 3rd period - Derick Brassard is hit by Vince Dunn.
19:08 of 3rd period - Sean Monahan is hit by Ryan Johansen.
19:14 of 3rd period - Brady Tkachuk is hit by Jordan Eberle and loses puck.
19:31 of 3rd period - Oilers, Thatcher Demko is pulled from the net.
19:33 of 3rd period - Slapshot by Evgeni Dadonov.
19:33 of 3rd period - Stopped by Juuse Saros with a rebound.
19:37 of 3rd period - Slapshot by Ryan Johansen.
19:37 of 3rd period - Shot Blocked by Sean Monahan.
19:39 of 3rd period - Snap shot by Ryan Johansen.
19:39 of 3rd period - Stopped by Juuse Saros with a rebound.
19:41 of 3rd period - Slapshot by Marco Scandella.
19:41 of 3rd period - Shot Misses the Net.
19:43 of 3rd period - Slapshot by Marco Scandella.
19:43 of 3rd period - Stopped by Juuse Saros without a rebound.
19:44 of 3rd period - Randy Cunneyworth call a timeout for Oilers.
19:44 of 3rd period - Ryan Johansen wins face-off versus Sean Monahan in Bruins zone.
19:49 of 3rd period - Wrist shot by Ryan Johansen.
19:49 of 3rd period - Deflect By Evgeni Dadonov.
19:49 of 3rd period - Shot Blocked by Joel Edmundson.
19:49 of 3rd period - Puck is out of play.
19:50 of 3rd period - Ryan Johansen wins face-off versus Sean Monahan in Bruins zone.
Goals for this period are 0 for Bruins vs 1 for Oilers.
Shots for this period are 12 for Bruins vs 15 for Oilers. Output by the SimonT Hockey Simulator (STHS) for Eric Tremblay - Original Page W3C HTML5 Valid
Hockey Simulator - Hockey Simulation - Hockey Manager